 Dungeon Crawl Stone Soup version 0.29-a0-1039-gfc20370e89 (webtiles) character file.

Game seed: 6817779682162896942

437 BritishOli the Trooper (level 6, -8/50 HPs)
             Began as a Demonspawn Fighter on Aug 15, 2022.
             Mangled by an iguana (11 damage)
             ... on level 5 of the Dungeon.
             The game lasted 00:04:50 (4459 turns).

BritishOli the Trooper (Demonspawn Fighter)         Turns: 4459, Time: 00:04:50

Health: -8/50      AC: 10    Str: 19    XL:     6   Next: 69%
Magic:  6/6        EV:  9    Int:  9    God:
Gold:   282        SH:  4    Dex: 12    Spells: 5/5 levels left

rFire   . . .      SeeInvis .   n - +3 long sword (freeze)
rCold   . . .      Faith    .   c - +0 buckler
rNeg    . . .      Spirit   .   b - +0 scale mail
rPois   .          Reflect  .   (helmet restricted)
rElec   .          Harm     .   j - +2 cloak
rCorr   .          Rampage  .   (no gloves)
Will    .....                   (no boots)
Stlth   ..........              (no amulet)
HPRegen 0.16/turn               (no ring)
MPRegen 0.10/turn               (no ring)

@: no status effects
A: antennae 1, hooves 1, powered by death 2
a: no special abilities


You were on level 5 of the Dungeon.
You visited 1 branch of the dungeon, and saw 5 of its levels.

You collected 282 gold pieces.

Inventory:

Hand Weapons
 n - a +3 long sword of freezing (weapon)
Armour
 b - a +0 scale mail (worn)
 c - a +0 buckler (worn)
 j - a +2 cloak (worn)
Jewellery
 w - a ring of fire
Scrolls
 a - 2 scrolls of butterflies {unknown}
 e - 3 scrolls of immolation {unknown}
 f - 2 scrolls of blinking {unknown}
 h - 2 scrolls of fear {unknown}
 i - a scroll of poison {unknown}
 l - 3 scrolls of identify {unknown}
 o - 2 scrolls of vulnerability {unknown}
 q - 3 scrolls of enchant weapon {unknown}
 t - 2 scrolls of torment
 u - a scroll of teleportation {unknown}
 x - a scroll of amnesia {unknown}
Potions
 d - a potion of might
 g - a potion of lignification {unknown}
 k - a potion of ambrosia {unknown}
 m - a potion of curing {unknown}
 p - a potion of brilliance {unknown}
 r - a potion of attraction {unknown}
 s - a potion of resistance {unknown}
 v - a potion of magic {unknown}


   Skills:
 * Level 4.9 Fighting
 * Level 4.0 Long Blades
 + Level 3.8 Armour
 + Level 3.8 Shields


You had 5 spell levels left.
You didn't know any spells.
Your spell library contained the following spells:

 Spells                   Type           Power      Damage    Failure   Level
 Portal Projectile        Hex/Tloc       0%         N/A       99%         3
 Tukima's Dance           Hex            0%         N/A       99%         3
 Blade Hands              Tmut           0%         N/A       100%        5


Dungeon Overview and Level Annotations

Branches:
Dungeon (5/15)
 Temple: D:4-7

Altars:
Gozag

Annotations:
D:2 1 runed translucent door, Crazy Yiuf
D:5 Grinder


Innate Abilities, Weirdness & Mutations

You have a pair of small antennae on your head.
You have large cloven feet.
You regenerate health from kills.


Message History

You hit the iguana but do no damage.
The iguana is lightly wounded.
The iguana misses you. The iguana bites you!
You closely miss Grinder. You kick Grinder.
Grinder is severely wounded.
Grinder gestures at you. Pain shoots through your body!
The iguana barely misses you.
You are too injured to fight recklessly!
You are too injured to fight recklessly!
You are too injured to fight recklessly!
You closely miss Grinder.
Grinder is severely wounded.
Grinder says, "Tell me all your secrets, or I'll kill you."
Grinder barely misses you.
The iguana hisses menacingly.
The iguana bites you but does no damage.
You barely miss Grinder. You kick Grinder.
Grinder is severely wounded.
Grinder hits you but does no damage. The iguana bites you.
* * * LOW HITPOINT WARNING * * *
Unknown command.
You slash Grinder! Your kick misses Grinder.
Grinder is almost dead.
Grinder gestures at you. Pain shoots through your body!
* * * LOW HITPOINT WARNING * * *
You block the iguana's attack. Grinder barely misses you.
The iguana bites you but does no damage.
You hit Grinder.
Grinder is almost dead.
Grinder hits you.
* * * LOW HITPOINT WARNING * * *
You writhe in agony.
* * * LOW HITPOINT WARNING * * *
The iguana bites you but does no damage.
You hit Grinder but do no damage. You kick Grinder, but do no damage.
Grinder is almost dead.
Grinder gestures at you.
You barely resist. The iguana bites you!
You die...

#.# # ... . #.# # #.# #
#.# # . #####.##### ##
#.. #.........##+# ##.
#..#.###.###.##.# ##.#
#...5@...###.##.###.##
#.....l######........##
..##... #..#...##.##
..... #.......##.#
#.##... ....#...####. .
.... ###.###.## ##
##.#. ... #.# # ....
#### #.# #.#


You could see Grinder and an iguana.

Vanquished Creatures
  Sigmund (D:2)
  A black bear (D:5)
  An iguana (D:5)
  Terence (D:2)
  3 adders (D:2)
  3 gnolls
  2 worms (D:2)
  6 orcs
  5 bats
  8 endoplasms
  3 giant cockroaches
  2 goblins (D:2)
  8 hobgoblins
  5 jackals
  6 quokkas
  12 ball pythons
  A frilled lizard (D:1)
  7 kobolds
  2 rats (D:1)
77 creatures vanquished.

Notes
Turn   | Place    | Note
-------+----------+-------------------------------------------
     0 | D:1      | BritishOli the Demonspawn Fighter began the quest for the
                  | Orb.
     0 | D:1      | Reached XP level 1. HP: 18/18 MP: 1/1
   269 | D:1      | Gained mutation: You regenerate a little health from kills.
                  | [demonic ancestry]
   269 | D:1      | Reached XP level 2. HP: 11/24 MP: 2/2
   505 | D:1      | Found a faded altar of an unknown god.
   948 | D:1      | Gained mutation: You regenerate health from kills. [demonic
                  | ancestry]
   948 | D:1      | Reached XP level 3. HP: 28/29 MP: 3/3
  1344 | D:2      | Discovered your monstrous ancestry.
  1344 | D:2      | Gained mutation: You have a pair of small antennae on your
                  | head. [demonic ancestry]
  1344 | D:2      | Reached XP level 4. HP: 29/36 MP: 4/4
  1483 | D:2      | Noticed Terence
  1514 | D:2      | Killed Terence
  2012 | D:2      | Found an opulent altar of Gozag.
  2040 | D:2      | Found a runed translucent door.
  2041 | D:2      | Noticed Crazy Yiuf
  2202 | D:2      | Noticed Sigmund
  2287 | D:2      | Killed Sigmund
  2288 | D:2      | Reached XP level 5. HP: 29/43 MP: 5/5
  2288 | D:2      | Gained mutation: You have large cloven feet. [demonic
                  | ancestry]
  2288 | D:2      | Reached XP level 6. HP: 34/49 MP: 6/6
  4239 | D:5      | Entered Level 5 of the Dungeon
  4442 | D:5      | Noticed Grinder
  4459 | D:5      | Mangled by an iguana

Illustrated notes

Levels and vault maps discovered:
D:1:      amcnicky_arrival_choice, layout_basic,
          hellmonk_ecumenical_altar_zigzags, bh_walls_and_bars
D:2:      layout_loops_corners, basic_altar, uniq_crazy_yiuf_cottage,
          uniq_terence, uniq_sigmund
D:3:      layout_loops_ring
D:4:      layout_basic, minmay_misc_feat_ornament
D:5:      layout_loops_corners, minmay_temple_entry_ruins, uniq_ijyb,
          uniq_menkaure, uniq_grinder

Skill      XL: |  1  2  3  4  5  6 |
---------------+-------------------+-----
Long Blades    | 2 3 4 |  4.0
Shields        | 3 |  3.8
Armour         | 3 |  3.8
Fighting       | 4 |  4.9

Action                   |  1- 3 |  4- 6 || total
-------------------------+-------+-------++-------
Melee: Long sword        |   113 |   149 ||   262
       Kick              |       |    19 ||    19
Throw: Throwing net      |     1 |       ||     1
  Use: Scroll            |       |     1 ||     1
       Potion            |       |     1 ||     1
Armor: Scale mail        |    64 |    63 ||   127
Dodge: Dodged            |    60 |    68 ||   128
Block: Buckler           |    39 |    30 ||    69

Table legend: (Time is in decaauts)
 A = Elapsed time spent in this place.
 B = Non-inter-level travel time spent in this place.
 C = Inter-level travel time spent in this place.
 D = Time resting spent in this place.
 E = Time spent auto-exploring this place.
 F = Levels seen in this place.
 G = Mean time per level.
                   A        B        C        D        E       F      G
               +--------+--------+--------+--------+--------+-----+--------+
         Total |   4537 |   4396 |    141 |    285 |   3426 |   5 |  907.4 |
       Dungeon |   4537 |   4396 |    141 |    285 |   3426 |   5 |  907.4 |
               +--------+--------+--------+--------+--------+-----+--------+

Top non-repeatable levels by time:
     D:2: 1610 daAuts
     D:1: 1355 daAuts
     D:4: 762 daAuts
     D:3: 584 daAuts
     D:5: 225 daAuts
